 Dungeon Crawl Stone Soup version 0.19.1 (webtiles) character file.

82 dngmouse the Chopper (level 4, 0/40 HPs)
             Began as a Minotaur Berserker on Dec 22, 2016.
             Was an Initiate of Okawaru.
             Slain by a polar bear (2 damage)
             ... created by the rage of Trog
             ... on level 3 of the Dungeon on Dec 26, 2016.
             The game lasted 00:12:55 (2272 turns).

dngmouse the Chopper (Minotaur Berserker)           Turns: 2272, Time: 00:12:56

Health: 0/40       AC:  7    Str: 22    XL:     4   Next: 21%
Magic:  3/3        EV: 12    Int:  4    God:    Okawaru [......]
Gold:   114        SH:  0    Dex: 10    Spells: 0 memorised, 3 levels left

rFire  . . .     SeeInvis .     a - +0 hand axe
rCold  . . .     Gourm    .     b - +0 animal skin
rNeg   . . .     Faith    .     (no shield)
rPois  .         Spirit   .     (helmet restricted)
rElec  .         Reflect  .     j - +0 cloak
rCorr  .         Harm     .     (no gloves)
MR     .....                    i - +0 pair of boots
Stlth  +.........               (no amulet)
                                (no ring)
                                l - +3 ring of protection

@: no status effects
A: retaliatory headbutt, horns 2
a: Renounce Religion


You were on level 3 of the Dungeon.
You worshipped Okawaru.
Okawaru was noncommittal.
You were not hungry.

You visited 1 branch of the dungeon, and saw 3 of its levels.

You collected 114 gold pieces.

Inventory:

Hand Weapons
 a - a +0 hand axe (weapon)
Missiles
 s - 2 tomahawks (quivered)
Armour
 b - a +0 animal skin (worn)
 i - a +0 pair of boots (worn)
 j - a +0 cloak (worn)
Jewellery
 l - a +3 ring of protection (left hand)
Scrolls
 f - a scroll of amnesia
 g - a scroll of noise {unknown}
 k - 2 scrolls of identify {unknown}
 p - 2 scrolls of enchant weapon {unknown}
Potions
 d - a potion of haste {unknown}
 e - 2 potions of curing {unknown}
 m - a potion of degeneration {unknown}
 n - a potion of flight {unknown}
 q - a potion of cure mutation {unknown}
Comestibles
 c - 2 bread rations
 h - a meat ration
 o - a fruit
 r - a chunk of flesh


   Skills:
 + Level 4.3 Fighting
 + Level 5.0 Axes
 + Level 2.8 Armour
 + Level 2.8 Dodging
 - Level 0.1 Stealth


You had 3 spell levels left.
You didn't know any spells.

Dungeon Overview and Level Annotations

Branches:
Dungeon (3/15)

Altars:
Okawaru
Zin


Innate Abilities, Weirdness & Mutations

You reflexively headbutt those who attack you in melee.
You have a pair of horns on your head.


Message History

4 polar bears come into view.
You see here an orc skeleton.
You hit the polar bear but do no damage.
You closely miss the polar bear. x2
You closely miss the polar bear. You headbutt the polar bear!
The polar bear is lightly wounded.
You hit the polar bear. x2; The polar bear bites you!
The polar bear closely misses you. x3; The polar bear barely misses you.
The polar bear claws you.
The polar bear rages.
The polar bear bites you!!
Ouch! That really hurt!
* * * LOW HITPOINT WARNING * * *
The polar bear closely misses you. The polar bear claws you.
* * * LOW HITPOINT WARNING * * *
As you read the scroll labeled URCHIA TIODOCVEE, it crumbles to dust.
It is a scroll of amnesia.
You feel forgetful for a moment. The polar bear closely misses you.
The polar bear claws you.
You die...

###..##.........#...
#....##.............
#.##.##.............
#.##.##...######....
#.....#...# ##....
#.#..###### #.....
#.#..# #.##+# ###hh#
#.##.# #@)#
#####'##.# #hh#
#......... #..#
#......#.#
.........#
#......#.#
.........#
#......+..
..######.#
#......#.# #.#
###......#.# #.#
............# .#
#.###########


You could see 4 polar bears.

Vanquished Creatures
  2 adders (D:2)
  A worm (D:2)
  2 leopard geckos
  4 orcs (D:3)
  4 giant cockroaches
  3 goblins (D:2)
  8 hobgoblins
  3 jackals (D:2)
  A quokka (D:2)
  A ball python (D:3)
  11 bats
  A frilled lizard (D:2)
  4 kobolds
  5 rats
50 creatures vanquished.

Notes
Turn   | Place    | Note
-------+----------+-------------------------------------------
     0 | D:1      | dngmouse the Minotaur Berserker began the quest for the Orb.
     0 | D:1      | Reached XP level 1. HP: 19/19 MP: 0/0
   163 | D:1      | Found an iron altar of Okawaru.
   170 | D:1      | Reached XP level 2. HP: 23/27 MP: 1/1
   195 | D:1      | help
   208 | D:1      | Fell from the grace of Trog
   208 | D:1      | Became a worshipper of Warmaster Okawaru
  1024 | D:2      | Reached skill level 4 in Axes
  1147 | D:2      | Reached XP level 3. HP: 17/33 MP: 2/2
  1813 | D:2      | Reached XP level 4. HP: 40/40 MP: 3/3
  2157 | D:3      | Found a glowing silver altar of Zin.
  2157 | D:3      | Noticed an angel
  2245 | D:3      | Reached skill level 5 in Axes
  2270 | D:3      | Noticed a polar bear
  2270 | D:3      | Noticed a polar bear
  2270 | D:3      | Noticed a polar bear
  2270 | D:3      | Noticed a polar bear
  2271 | D:3      | HP: 1/40 [polar bear[the rage of Trog] (5)]
  2272 | D:3      | Slain by a polar bear

Skill      XL: |  1  2  3  4 |
---------------+-------------+-----
Axes           | 4 5 |  5.0
Fighting       | 4 |  4.3
Armour         | |  2.8
Dodging        | |  2.8
Stealth        | |  0.1

Action                   |  1- 3 |  4- 6 || total
-------------------------+-------+-------++-------
Melee: Hand axe          |    75 |    16 ||    91
       Headbutt          |     7 |     4 ||    11
  Use: Scroll            |       |     1 ||     1
 Stab: Sleeping          |     2 |       ||     2
  Eat: Chunk             |     2 |     2 ||     4
Armor: Animal skin       |    22 |     4 ||    26
Dodge: Dodged            |    62 |    15 ||    77
